 Dungeon Crawl Stone Soup version 0.20.0-8-g6b59dc7 (console) character file.

37 2d6 the Charmwright (level 3, -3/27 HPs)
             Began as a Vampire Skald on May 31, 2017.
             Slain by Terence
             ... wielding a +0 trident
              (4 damage)
             ... on level 2 of the Dungeon.
             The game lasted 00:03:37 (1002 turns).

2d6 the Charmwright (Vampire Skald)                 Turns: 1002, Time: 00:03:38

Health: -3/27      AC:  3    Str: 10    XL:     3   Next: 21%
Magic:  6/6        EV: 12    Int: 15    God:
Gold:   23         SH:  0    Dex: 14    Spells: 5/6 levels left

rFire    . . .     SeeInvis +   a - +0 short sword
rCold    . . .     Gourm    .   (no shield)
rNeg     + . .     Faith    .   b - +0 leather armour
rPois    .         Spirit   .   (no helmet)
rElec    .         Reflect  .   (no cloak)
rCorr    .         Harm     .   (no gloves)
MR       .....                  (no boots)
Stlth    ++........             (no amulet)
Regen    0.1/turn               (no ring)
MPRegen  0.1/turn               (no ring)

@: no status effects
A: fangs 3, see invisible, unbreathing
a: Bat Form


You were on level 2 of the Dungeon.
You were not thirsty.

You visited 1 branch of the dungeon, and saw 2 of its levels.

You collected 23 gold pieces.

Inventory:

Hand Weapons
 a - a +0 short sword (weapon)
Missiles
 f - 13 stones (quivered)
Armour
 b - a +0 leather armour (worn)
Scrolls
 h - a scroll of recharging {unknown}
Potions
 d - 9 potions of blood
 e - a potion of haste {unknown}
 g - a potion of berserk rage {unknown}
 i - a potion of brilliance {unknown}
 j - a potion of agility {unknown}
Books
 c - a book of Battle

   Spells                             Type                      Level
   a - Infusion                       Charms                       1
   b - Shroud of Golubria             Charms/Translocation         2
   c - Song of Slaying                Charms                       2
   d - Spectral Weapon                Hexes/Charms                 3
   e - Regeneration                   Charms/Necromancy            3


   Skills:
 - Level 2.0 Fighting
 + Level 2.9 Short Blades
 - Level 0.7 Armour
 + Level 2.7 Dodging
 * Level 2.5 Stealth
 - Level 2.0 Spellcasting
 - Level 3.2 Charms


You had 5 spell levels left.
You knew the following spells:

 Your Spells              Type           Power        Failure   Level  Hunger
a - Infusion              Chrm           ##..         8%          1    #......


Dungeon Overview and Level Annotations

Branches:
Dungeon (2/15)

Altars:

Annotations:
D:2 Terence


Innate Abilities, Weirdness & Mutations

You have razor-sharp teeth.
You have supernaturally acute eyesight. (SInv)
You can survive without breathing.


Message History

The goblin hits you with a club.
You closely miss Terence.
Terence is heavily wounded.
Terence hits you with a trident!
* * * LOW HITPOINT WARNING * * *
The rat misses you. The goblin misses you.
Terence hits you from afar with a trident.
* * * LOW HITPOINT WARNING * * *
Terence hits you from afar with a trident.
* * * LOW HITPOINT WARNING * * *
You hit the rat.
You kill the rat!
You hit the goblin.
The goblin is severely wounded.
Terence hits you from afar with a trident.
* * * LOW HITPOINT WARNING * * *
The goblin hits you but does no damage. Terence closely misses you.
Terence hits you from afar with a trident.
You die...

#... #...
..... .....
#####
....(.#...#
.....(#'#g#
......(@..#
........?@# #
##+##.....#.#
#....<..#
#....####
#.....
#######


You could see Terence and a goblin.

Vanquished Creatures
  3 dart slugs (D:1)
  2 giant cockroaches (D:1)
  3 goblins (D:1)
  5 hobgoblins (D:1)
  7 bats (D:1)
  2 frilled lizards (D:1)
  2 kobolds (D:1)
  5 rats
29 creatures vanquished.

Notes
Turn   | Place    | Note
-------+----------+-------------------------------------------
     0 | D:1      | 2d6 the Vampire Skald began the quest for the Orb.
     0 | D:1      | Reached XP level 1. HP: 16/16 MP: 3/3
   150 | D:1      | Reached XP level 2. HP: 22/22 MP: 5/5
   193 | D:1      | Reached skill level 1 in Stealth
   738 | D:1      | Reached XP level 3. HP: 27/27 MP: 6/6
   980 | D:2      | Noticed Terence
   999 | D:2      | HP: 1/27 [Terence/trident (3)]
  1002 | D:2      | Slain by Terence

Skill      XL: |  1  2  3 |
---------------+----------+-----
Stealth        | 2 |  2.5
Fighting       | 2 |  2.0
Short Blades   | |  2.9
Armour         | |  0.7
Dodging        | |  2.7
Spellcasting   | |  2.0
Charms         | |  3.2

Action                   || total
-------------------------++-------
Melee: Short sword       ||   116
       Bite              ||    13
Throw: Stone             ||     7
 Stab: Sleeping          ||     1
Armor: Leather armour    ||    36
Dodge: Dodged            ||    93

Vault maps used:
D:1:      mrwooster_arrival_arrow
D:2:      lemuel_round_altar, first_bread, tgw_kikubaaqudgha, uniq_jessica,
          uniq_terence
